 Dungeon Crawl Stone Soup version 0.30-a0-1160-g6e42c06551 (webtiles) character file.

Game seed: 8894979644240630135

4 themarg the Caller (level 1, -2/13 HPs)
             Began as a Merfolk Summoner on Apr 27, 2023.
             Slain by a kobold
             ... wielding a +0 dagger
              (4 damage)
             ... on level 1 of the Dungeon.
             The game lasted 00:00:52 (91 turns).

themarg the Caller (Merfolk Summoner)                 Turns: 91, Time: 00:00:53

Health: -2/13      AC:  2    Str:  8    XL:     1   Next: 60%
Magic:  2/3        EV: 12    Int: 14    God:
Gold:   10         SH:  0    Dex: 14    Spells: 3/4 levels left

rFire   . . .        c - +0 short sword
rCold   . . .        (no shield)
rNeg    . . .        a - +0 robe
rPois   .            (no helmet)
rElec   .            (no cloak)
rCorr   .            (no gloves)
SInv    .            (no boots)
Will    .....        (no amulet)
Stlth   ++           (no ring)
HPRegen 0.22/turn    (no ring)
MPRegen 0.08/turn

%: no passive effects
@: no status effects
A: (nimble swimmer 2), mertail
a: no special abilities


You were on level 1 of the Dungeon.
You visited 1 branch of the dungeon, and saw 1 of its levels.

You collected 10 gold pieces.

Inventory:

Hand Weapons
 c - a +0 short sword (weapon)
Missiles
 d - 2 stones
Armour
 a - a +0 robe (worn)
Potions
 b - a potion of magic


   Skills:
 - Level 2.6 Dodging
 + Level 2.4 Stealth
 - Level 2.0 Spellcasting
 + Level 4.1 Summonings


You had 3 spell levels left.
You knew the following spells:

 Your Spells              Type           Power      Damage    Failure   Level
a - Summon Small Mammal   Summ           48%        N/A       4%          1

Your spell library contained the following spells:

 Spells                   Type           Power      Damage    Failure   Level
 Call Imp                 Summ           24%        N/A       7%          2
 Call Canine Familiar     Summ           12%        N/A       13%         3
 Summon Guardian Golem    Hex/Summ       7%         N/A       30%         3
 Scorch                   Fire           2%         2d5       34%         2
 Summon Lightning Spire   Summ/Air       7%         N/A       71%         4
 Flame Wave               Conj/Fire      1%         2d4       93%         4
 Summon Cactus Giant      Summ           6%         N/A       100%        6


Dungeon Overview and Level Annotations

Branches:
Dungeon (1/15)

Altars:


Innate Abilities, Weirdness & Mutations

((You are very nimble when in or above water. (Stealth+, EV+, Speed+++)))
Your lower body shifts to a powerful aquatic tail in water.


Message History

Your bat disappears in a puff of smoke!
Your bat barely misses the quokka.
The quokka closely misses you.
You hit the quokka.
The quokka is almost dead.
The quokka bites you.
Your bat hits the quokka but does no damage.
Your bat closely misses the quokka.
The quokka closely misses you.
You hit the quokka but do no damage.
The quokka is almost dead.
The quokka barely misses you.
Your bat barely misses the quokka.
Your bat completely misses the quokka.
The quokka bites you.
You miss the quokka.
The quokka is almost dead.
Your bat barely misses the quokka. x2; The quokka bites you.
You barely miss the quokka.
The quokka is almost dead.
Your bat closely misses the quokka.
Your bat barely misses the quokka.
The kobold misses your bat. The quokka misses you.
Your bat barely misses the kobold.
You barely miss the quokka.
The quokka is almost dead.
Your bat hits the quokka but does no damage.
Your bat closely misses the quokka.
The kobold closely misses your bat.
Your bat closely misses the quokka.
Your bat barely misses the quokka.
Your bat closely misses the quokka.
The quokka misses your bat.
Your bat hits the kobold but does no damage.
Your bat closely misses the quokka.
The quokka misses your bat.
You barely miss the kobold. Your bat misses the quokka.
Your bat barely misses the quokka.
The kobold hits you with a +0 dagger. The quokka barely misses your bat.
You miss the kobold.
Your bat completely misses the quokka.
Your bat misses the quokka. The kobold hits you with a +0 dagger.
* * * LOW HITPOINT WARNING * * *
The quokka closely misses your bat.
Okay, then.
You hit the kobold.
The kobold is moderately wounded.
Your bat closely misses the quokka.
Your bat closely misses the kobold.
The quokka bites your bat. The kobold hits you with a +0 dagger.
You die...

###....#..........
#.................#.. ..
#...........).....#.# ...
......##..........#.##...
......[.................
......................
#.................#.#
..........#......b..##
..............@Kbr...#
..........###.###.$..#
#######...# ### ###...#
#.###.## ....# #...#..#
.#... ###.##.# .. #.
#....#.##.# ..
#..#......# ..# #
#..########


You could see a quokka (distracted, ally target), a kobold and 2 friendly bats.

Vanquished Creatures
  A hobgoblin (D:1)
1 creature vanquished.

Vanquished Creatures (collateral kills)
  An endoplasm (D:1)
  A kobold (D:1)
2 creatures vanquished.

Grand Total: 3 creatures vanquished

Notes
Turn   | Place    | Note
-------+----------+-------------------------------------------
     0 | D:1      | themarg the Merfolk Summoner began the quest for the Orb.
     0 | D:1      | Reached XP level 1. HP: 13/13 MP: 3/3
    91 | D:1      | Slain by a kobold

Illustrated notes

Levels and vault maps discovered:
D:1:      psy_arrival_radial01, layout_rooms

Action                     || total
---------------------------++-------
  Melee: Short sword       ||    11
         Unarmed           ||     5
   Cast: Summon Small Mamm ||     5
 Armour: Robe              ||     1
  Dodge: Dodged            ||     8

Table legend: (Time is in decaauts)
 A = Elapsed time spent in this place.
 B = Non-inter-level travel time spent in this place.
 C = Inter-level travel time spent in this place.
 D = Time resting spent in this place.
 E = Time spent auto-exploring this place.
 F = Levels seen in this place.
 G = Mean time per level.
                   A        B        C        D        E       F      G
               +--------+--------+--------+--------+--------+-----+--------+
         Total |     90 |     90 |      0 |      0 |     39 |   1 |   90.0 |
       Dungeon |     90 |     90 |      0 |      0 |     39 |   1 |   90.0 |
               +--------+--------+--------+--------+--------+-----+--------+

Top non-repeatable levels by time:
     D:1: 90 daAuts
